 Dungeon Crawl Stone Soup version 0.28-b1-25-g9875b3fc8c (webtiles) character file.

Game seed: 13240359874537146536

3 Masnef the Conjurer (level 1, -6/17 HPs)
             Began as a Gnoll Wanderer on Feb 6, 2022.
             Mangled by a gnoll (8 damage)
             ... on level 1 of the Dungeon.
             The game lasted 00:00:26 (96 turns).

Masnef the Conjurer (Gnoll Wanderer)                  Turns: 96, Time: 00:00:26

Health: -6/17      AC:  2    Str:  9    XL:     1   Next: 50%
Magic:  4/4        EV: 10    Int: 12    God:
Gold:   0          SH:  5    Dex: 12    Spells: 5/5 levels left

rFire   . . .      SeeInvis .   e - +0 trident
rCold   . . .      Faith    .   c - +0 buckler
rNeg    . . .      Spirit   .   b - +0 robe
rPois   .          Reflect  .   (no helmet)
rElec   .          Harm     .   (no cloak)
rCorr   .          Rampage  .   (no gloves)
Will    .....                   (no boots)
Stlth   +.........              (no amulet)
HPRegen 0.05/turn               (no ring)
MPRegen 0.09/turn               (no ring)

@: no status effects
A: fangs 1, strong nose, distributed training
a: no special abilities


You were on level 1 of the Dungeon.
You visited 1 branch of the dungeon, and saw 1 of its levels.

Inventory:

Hand Weapons
 a - a +0 dagger
 e - a +0 trident (weapon)
Armour
 b - a +0 robe (worn)
 c - a +0 buckler (worn)
Scrolls
 d - a scroll of noise {unknown}


   Skills:
 + Level 2.3 Fighting
 + Level 0.0 Short Blades
 + Level 0.0 Long Blades
 + Level 0.0 Axes
 + Level 0.0 Maces & Flails
 + Level 0.0 Polearms
 + Level 0.0 Staves
 + Level 0.0 Slings
 + Level 0.0 Bows
 + Level 0.0 Crossbows
 + Level 0.0 Throwing
 + Level 0.0 Armour
 + Level 0.0 Dodging
 + Level 0.0 Stealth
 + Level 4.4 Shields
 + Level 0.0 Unarmed Combat
 + Level 2.6 Spellcasting
 + Level 7.0 Conjurations
 + Level 0.0 Hexes
 + Level 0.0 Summonings
 + Level 0.0 Necromancy
 + Level 0.0 Translocations
 + Level 0.0 Transmutations
 + Level 0.0 Fire Magic
 + Level 1.9 Ice Magic
 + Level 0.0 Air Magic
 + Level 0.0 Earth Magic
 + Level 0.0 Poison Magic
 + Level 0.1 Invocations
 + Level 2.3 Evocations


You had 5 spell levels left.
You didn't know any spells.
Your spell library contained the following spells:

 Spells                   Type           Power      Damage    Failure   Level
 Searing Ray              Conj           36%        2d5       2%          2
 Shock                    Conj/Air       40%        1d5       8%          1
 Freeze                   Ice            24%        1d5       14%         1
 Dazzling Flash           Conj/Hex       20%        N/A       22%         3
 Ozocubu's Armour         Ice            6%         N/A       41%         3


Dungeon Overview and Level Annotations

Branches:
Dungeon (1/15)

Altars:


Innate Abilities, Weirdness & Mutations

You have very sharp teeth.
Your uncanny sense of smell can sniff out nearby items.
Your experience applies equally to all skills.


Message History

The ball python is severely wounded.
The ball python barely misses you. The ball python constricts you.
You hit the ball python.
You kill the ball python!
No target in view!
No target in view!
A ball python comes into view.
Found a trident.
The ball python hisses angrily.
You see here a scroll labelled VUPNAEDOTSA.
Found 28 arrows.
The ball python bites you but does no damage.
The ball python barely misses you.
You closely miss the ball python.
The ball python bites you but does no damage.
You block the ball python's attack.
You hit the ball python.
You kill the ball python!
No target in view!
d - a scroll labelled VUPNAEDOTSA You see here a +0 trident.
e - a +0 trident A gnoll comes into view.
It is wielding a +0 club.
The gnoll shouts!
e - a +0 trident (weapon)
You hit the gnoll but do no damage. The gnoll misses you.
The gnoll closely misses you.
You hit the gnoll.
The gnoll is moderately wounded.
The gnoll hits you with a +0 club!
You hit the gnoll but do no damage.
The gnoll is moderately wounded.
The gnoll barely misses you.
An endoplasm comes into view.
You barely miss the gnoll.
The gnoll is moderately wounded.
The gnoll hits you with a +0 club!
* * * LOW HITPOINT WARNING * * *
The gnoll hits you with a +0 club!
You die...

#. ## .. .. #.
.# #. .#
###.#.# ∆
.....# #.g.#
#@# #.# #.#
#.# #.# #.## #
####.# #..##
#.#####....#
###...#
...........#
##.....##
#.##.......#
#.P...P.#
###.#........#
#.......#


You could see a gnoll.

Vanquished Creatures
  2 ball pythons (D:1)
  A goblin (D:1)
3 creatures vanquished.

Notes
Turn   | Place    | Note
-------+----------+-------------------------------------------
     0 | D:1      | Masnef the Gnoll Wanderer began the quest for the Orb.
     0 | D:1      | Masnef set off with the following items: a +0 dagger, a +0
                  | robe, a +0 buckler; and the following spells available to
                  | memorise: Searing Ray, Shock, Freeze, Dazzling Flash,
                  | Ozocubu's Armour
     0 | D:1      | Reached XP level 1. HP: 17/17 MP: 4/4
    96 | D:1      | Mangled by a gnoll

Illustrated notes

Levels and vault maps discovered:
D:1:      dpeg_arrival_orchard, layout_loops_ring,
          dreamdust_ecumenical_altar_drowned_temple, serial_shops,
          nicolae_shop_crystal, nicolae_lakefront_shop,
          nicolae_shop_bloodbath_and_beyond, shop_fountains

Action                   || total
-------------------------++-------
Melee: Dagger            ||     9
       Trident           ||     4
       Bite              ||     3
Armor: Robe              ||     2
Dodge: Dodged            ||     6
Block: Buckler           ||     2
